 Dungeon Crawl Stone Soup version 0.21-a0-633-g4c047d5 (webtiles) character file.

9 Alarkh the Charmwright (level 2, 22/22 HPs)
             Began as a Demonspawn Skald on Dec 28, 2017.
             Got out of the dungeon alive.
             The game lasted 00:00:58 (419 turns).

Alarkh the Charmwright (Demonspawn Skald)            Turns: 419, Time: 00:00:58

Health: 22/22      AC:  3    Str: 11    XL:     2   Next: 3%
Magic:  5/5        EV: 11    Int: 14    God:
Gold:   30         SH:  0    Dex: 12    Spells: 4/5 levels left

rFire    . . .     SeeInvis .   a - +0 falchion
rCold    . . .     Gourm    .   (no shield)
rNeg     . . .     Faith    .   b - +0 leather armour
rPois    .         Spirit   .   (helmet restricted)
rElec    .         Reflect  .   (no cloak)
rCorr    .         Harm     .   (no gloves)
MR       .....                  (no boots)
Stlth    +.........             (no amulet)
HPRegen  0.07/turn              (no ring)
MPRegen  0.09/turn              (no ring)

@: no status effects
A: horns 1
a: no special abilities


You escaped.
You were not hungry.

You visited 1 branch of the dungeon, and saw 1 of its levels.

You collected 30 gold pieces.

Inventory:

Hand Weapons
 a - a +0 falchion (weapon)
Armour
 b - a +0 leather armour (worn)
Jewellery
 h - a cursed -3 ring of dexterity {unknown}
Scrolls
 e - a scroll of teleportation {unknown}
Books
 c - a book of Battle

   Spells                             Type                      Level
   a - Infusion                       Charms                       1
   b - Shroud of Golubria             Charms/Translocation         2
   c - Song of Slaying                Charms                       2
   d - Spectral Weapon                Hexes/Charms                 3
   e - Regeneration                   Charms/Necromancy            3
Comestibles
 d - a ration
 f - 2 chunks of flesh


   Skills:
 - Level 2.0 Fighting
 + Level 2.5 Long Blades
 - Level 0.8 Armour
 - Level 1.7 Dodging
 - Level 2.0 Spellcasting
 - Level 2.6 Charms


You had 4 spell levels left.
You knew the following spells:

 Your Spells              Type           Power        Failure   Level  Hunger
a - Infusion              Chrm           #...         11%         1    ##.....


Dungeon Overview and Level Annotations

Branches:
Dungeon (1/15)

Altars:


Innate Abilities, Weirdness & Mutations

You have a pair of small horns on your head.


Message History

Some of the chunks of flesh in your inventory have rotted away.
You are no longer magically infusing your attacks.
f - 2 chunks of flesh (gained 1)
g - a golden potion A rat comes into view.
A rat is nearby!
Found a diamond ring.
You hit the rat but do no damage. The rat barely misses you.
You riposte.
You hit the rat.
You kill the rat!
No target in view!
No target in view!
f - 3 chunks of flesh (gained 1)
h - a diamond ring It was a potion of heal wounds.
You feel much better.
Found a stone staircase leading down.
Some of the chunks of flesh in your inventory have rotted away.
There is a staircase leading out of the dungeon here.
Are you sure you want to leave the Dungeon?
This will make you lose the game!
You have escaped!

..#....#..######.......
#.≈≈≈≈≈≈≈≈≈≈≈###.......
##≈≈≈≈≈≈≈≈≈≈≈≈≈##.......
#≈≈≈≈≈≈≈≈≈≈≈≈≈≈≈#.......
≈≈≈8≈≈≈≈≈≈≈≈8≈≈≈#.......
≈≈≈≈≈≈≈≈≈≈.≈≈≈≈≈#.###...
≈≈≈≈≈≈≈≈≈.≈.≈≈≈≈#.###'##
.≈≈≈≈≈≈≈.≈≈≈.≈≈≈#.##....
≈.≈≈≈≈≈@.≈≈≈≈.≈≈#.##....
≈≈.≈≈≈≈.>≈≈≈≈≈.≈#.##....
≈≈≈.≈≈≈.≈≈≈≈≈≈≈.#.##.(..
≈≈≈≈.≈.≈≈≈≈≈≈≈≈≈..###.##
≈≈≈≈≈.≈≈≈≈≈≈≈≈≈≈..#...##
≈≈≈8≈≈≈≈≈≈≈≈8≈≈≈.##...##
.≈≈≈≈≈≈≈≈≈≈≈≈≈≈≈.##.....
..≈≈≈≈≈≈≈≈≈≈≈≈≈.....#...
≈≈≈≈≈≈##.....#...


There were no monsters in sight!

Vanquished Creatures
  A dart slug (D:1)
  A hobgoblin (D:1)
  A bat (D:1)
  6 rats (D:1)
9 creatures vanquished.

Notes
Turn   | Place    | Note
-------+----------+-------------------------------------------
     0 | D:1      | Alarkh the Demonspawn Skald began the quest for the Orb.
     0 | D:1      | Reached XP level 1. HP: 16/16 MP: 3/3
   311 | D:1      | Gained mutation: You have a pair of small horns on your head. [demonic ancestry]
   311 | D:1      | Reached XP level 2. HP: 22/22 MP: 1/5
   419 | D:$      | Got out of the dungeon alive.

Vault maps used:
D:1:      nzn_arrival_water_spiral, serial_bayou_pond_d

Skill      XL: |  1 |
---------------+----+-----
Long Blades    | 2 |  2.5
Fighting       | |  2.0
Armour         | |  0.8
Dodging        | |  1.7
Spellcasting   | |  2.0
Charms         | |  2.6

Action                   || total
-------------------------++-------
Melee: Falchion          ||    19
 Cast: Infusion          ||     5
  Use: Potion            ||     1
Armor: Leather armour    ||     5
Dodge: Dodged            ||     9
       Rpst.: Falchion   ||     3

Table legend:
 A = Spawn XP
 B = Non-spawn XP
 C = Spawn XP percentage of total XP
 D = Spawn monster count
 E = Non-spawn monster count
 F = Spawn count percentage of total count
 G = Total turns spent on level
                    A         B        C        D         E        F      G
               +---------+---------+-------+---------+---------+-------+---------
         Total |       0 |      13 |   0.0 |       0 |       9 |   0.0 |   419
               +---------+---------+-------+---------+---------+-------+---------
           D:1 |       0 |      13 |   0.0 |       0 |       9 |   0.0 |   419
               +---------+---------+-------+---------+---------+-------+---------
